 Dungeon Crawl Stone Soup version 0.25-a0-420-g1cc7eeb0d1 (webtiles) character file.

Game seed: 6320407766702566857, levelgen mode: deterministic

84 ChaosChampion the Sneak (level 4, -7/23 HPs)
             Began as a Spriggan Assassin on Jan 18, 2020.
             Mangled by a gnoll
             ... wielding a +0 halberd
              (13 damage)
             ... on level 2 of the Dungeon.
             The game lasted 00:05:12 (1938 turns).

ChaosChampion the Sneak (Spriggan Assassin)         Turns: 1938, Time: 00:05:13

Health: -7/23      AC:  3    Str:  7    XL:     4   Next: 24%
Magic:  5/5        EV: 18    Int: 12    God:
Gold:   102        SH:  0    Dex: 18    Spells: 3/3 levels left

rFire    + . .     SeeInvis +   a - +2 dagger
rCold    x . .     Gourm    .   (shield restricted)
rNeg     . . .     Faith    .   b - +0 robe
rPois    +         Spirit   .   (helmet restricted)
rElec    .         Reflect  .   c - +0 cloak
rCorr    .         Harm     .   (gloves unavailable)
MR       .....                  (boots unavailable)
Stlth    ++++......             (no amulet)
HPRegen  0.07/turn              i - ring of fire
MPRegen  0.09/turn              n - ring of poison resistance

@: very quick
A: very small, unfitting armour, see invisible, herbivore, speed 3, slow
metabolism 2
a: no special abilities


You were on level 2 of the Dungeon.
You were not hungry.

You visited 1 branch of the dungeon, and saw 2 of its levels.

You collected 102 gold pieces.

Inventory:

Hand Weapons
 a - a +2 dagger (weapon)
Missiles
 d - 15 poisoned darts (quivered)
 e - 2 curare-tipped darts
Armour
 b - a +0 robe (worn)
 c - a +0 cloak (worn)
Jewellery
 i - a ring of fire (left hand)
 n - a ring of poison resistance (right hand)
Scrolls
 g - 2 scrolls of remove curse
 j - a scroll of teleportation
 l - a scroll of identify
 m - a scroll of fog
Potions
 h - a potion of berserk rage {unknown}
 k - a potion of ambrosia {unknown}
Comestibles
 f - 2 rations


   Skills:
 + Level 2.0 Fighting
 * Level 3.3 Short Blades
 - Level 2.0 Throwing
 + Level 2.7 Dodging
 * Level 7.0 Stealth


You had 3 spell levels left.
You didn't know any spells.
Your spell library was empty.

Dungeon Overview and Level Annotations

Branches:
Dungeon (2/15)

Altars:
Ashenzari

Annotations:
D:2 Terence


Innate Abilities, Weirdness & Mutations

You are very small and have problems with some larger weapons.
You are too small for most types of armour.
You have supernaturally acute eyesight. (SInv)
You are a herbivore.
You cover ground extremely quickly.
You need to consume almost no food.


Message History

Press: ? - help, Shift-Dir - straight line, f/p - gnoll
Aim: a gnoll, wielding a +0 halberd (poisoned)
You throw a poisoned dart. The poisoned dart hits the gnoll.
The gnoll looks even sicker.
The gnoll completely misses you.
Throwing (i - inventory. (/) - cycle)
d - 16 poisoned darts (quivered)
Press: ? - help, Shift-Dir - straight line, f/p - gnoll
Aim: a gnoll, wielding a +0 halberd (very poisoned)
You throw a poisoned dart. The poisoned dart hits the gnoll.
The gnoll hits you but does no damage.
You barely miss the gnoll.
The gnoll is moderately wounded.
The gnoll hits you with a +0 halberd.
* * * LOW HITPOINT WARNING * * *
You completely miss the gnoll.
The gnoll is moderately wounded.
You closely miss the gnoll.
The gnoll is moderately wounded.
The gnoll hits you with a +0 halberd!
Ouch! That really hurt!
You die...

#.....>.....'.........# #
#.#.#########.........# #
#.#.........#.!....)<.# #
#.#########.#.....$.........
# .. #.#)(......######### ..
#.#(######## #.). ..@ #.#(#
#.#. ... #.#g# #)#.
######.#@# #.#. #^.....#.###
#.#. #......#...# #.##
#......##### #.# #......##
#.# ##......# #.#
###....########## #.##
#....#........# #...
#....'........#####...


You could see a gnoll.

Vanquished Creatures
  Robin (D:2)
  An adder (D:2)
  2 gnolls (D:2)
  An ooze (D:2)
  3 dart slugs (D:1)
  2 giant cockroaches (D:2)
  5 goblins (D:2)
  6 hobgoblins
  5 kobolds
  A ball python (D:2)
  3 bats
  2 frilled lizards (D:1)
  3 rats
35 creatures vanquished.

Notes
Turn   | Place    | Note
-------+----------+-------------------------------------------
     0 | D:1      | ChaosChampion the Spriggan Assassin began the quest for the
                  | Orb.
     0 | D:1      | Reached XP level 1. HP: 10/10 MP: 2/2
   116 | D:1      | Reached skill level 6 in Stealth
   345 | D:1      | Reached XP level 2. HP: 14/15 MP: 3/3
   928 | D:2      | Reached XP level 3. HP: 18/18 MP: 4/4
   972 | D:2      | Found a shattered altar of Ashenzari.
  1397 | D:2      | Noticed Robin
  1416 | D:2      | Killed Robin
  1494 | D:2      | Noticed Terence
  1610 | D:2      | Reached XP level 4. HP: 14/23 MP: 5/5
  1931 | D:2      | Reached skill level 7 in Stealth
  1938 | D:2      | Mangled by a gnoll

Levels and vault maps discovered:
D:1:      nzn_arrival_settlement, layout_basic, serial_co_window_serial,
          co_window_of_opportunity_a, co_window_paths_a, co_window_paths_a,
          co_window_paths_a, co_window_of_opportunity_a,
          co_window_unsneaky_path_a, co_window_broadway_c,
          co_window_unsneaky_path_d, co_window_2corner, co_window_corner_b
D:2:      layout_basic, ashenzari_conservatory_becter,
          lemuel_coloured_pillars_altar, uniq_robin, uniq_terence

Skill      XL: |  1  2  3  4 |
---------------+-------------+-----
Stealth        | 6 7 |  7.0
Dodging        | 2 |  2.7
Short Blades   | 3 |  3.3
Fighting       | 2 |  2.0
Throwing       | |  2.0

Action                   |  1- 3 |  4- 6 || total
-------------------------+-------+-------++-------
Melee: Dagger            |   111 |    24 ||   135
Throw: Dart              |     9 |     6 ||    15
  Use: Scroll            |     3 |       ||     3
       Potion            |     2 |       ||     2
 Stab: Sleeping          |     8 |     1 ||     9
Armor: Robe              |    10 |     1 ||    11
Dodge: Dodged            |    64 |    19 ||    83

Table legend:
 A = Non-vault XP
 B = Vault XP
 C = Vault XP percentage of total XP
 D = Non-vault monster count
 E = Vault monster count
 F = Vault count percentage of total count
                 A         B        C        D         E       F
            +---------+---------+-------+---------+---------+-------
      Total |      94 |      27 |  22.3 |      28 |       7 |  20.0
            +---------+---------+-------+---------+---------+-------
        D:1 |      31 |       0 |   0.0 |      16 |       0 |   0.0
        D:2 |      63 |      27 |  30.0 |      12 |       7 |  36.8
            +---------+---------+-------+---------+---------+-------
